 Dungeon Crawl Stone Soup version 0.19.4-12-gccf7e64 (webtiles) character file.

296 sankara the Ruffian (level 6, -1/59 HPs)
             Began as a Troll Transmuter on Feb 27, 2017.
             Slain by Duvessa
             ... wielding a +0 rapier
              (5 damage)
             ... on level 5 of the Dungeon.
             The game lasted 00:11:50 (2494 turns).

sankara the Ruffian (Troll Transmuter)              Turns: 2494, Time: 00:11:51

Health: -1/59      AC:  5    Str: 24    XL:     6   Next: 12%
Magic:  6/6        EV: 10    Int: 13    God:
Gold:   206        SH:  0    Dex: 12    Spells: 2 memorised, 4 levels left

rFire  . . .     SeeInvis .       - Unarmed
rCold  + . .     Gourm    +     b - +0 robe
rNeg   . . .     Faith    .     (no shield)
rPois  .         Spirit   .     (helmet restricted)
rElec  .         Reflect  .     (no cloak)
rCorr  .         Harm     .     (gloves unavailable)
MR     .....                    (boots unavailable)
Stlth  +.........               (no amulet)
                                q - ring of protection from cold (curse)
                                i - +4 ring of intelligence

@: mighty, very slightly contaminated, hasted, very quick
A: unfitting armour, claws 3, fast metabolism 3, gourmand, regeneration 1,
shaggy fur 1, tough skin 2
a: no special abilities


You were on level 5 of the Dungeon.
You were very full.

You visited 1 branch of the dungeon, and saw 5 of its levels.

You collected 206 gold pieces.

Inventory:

Missiles
 a - 35 arrows
Armour
 b - a +0 robe (worn)
Jewellery
 i - a +4 ring of intelligence (left claw)
 q - a cursed ring of protection from cold (right claw)
 t - an uncursed ring of protection from fire
 w - a +2 ring of dexterity
Scrolls
 f - a scroll of remove curse {unknown}
 g - a scroll of enchant weapon {unknown}
 l - 7 scrolls of identify {unknown}
 n - 2 scrolls of recharging {unknown}
 o - 2 scrolls of magic mapping {unknown}
 p - a scroll of enchant armour {unknown}
 r - a scroll of fear {unknown}
Potions
 e - 2 potions of might
 k - a potion of ambrosia {unknown}
 m - a potion of haste
 s - a potion of lignification {unknown}
 u - 2 potions of cure mutation {unknown}
 v - a potion of agility {unknown}
 x - 2 potions of flight {unknown}
Books
 c - a book of Changes

   Spells                             Type                      Level
   a - Beastly Appendage              Transmutation                1
   b - Sticks to Snakes               Transmutation                2
   c - Spider Form                    Transmutation/Poison         3
   d - Ice Form                       Ice/Transmutation            4
   e - Blade Hands                    Transmutation                5
Comestibles
 d - 3 bread rations
 j - 3 meat rations
 z - 5 chunks of flesh


   Skills:
 + Level 2.8 Fighting
 - Level 1.5 Dodging
 + Level 4.7 Unarmed Combat
 - Level 1.2 Spellcasting
 + Level 3.0 Transmutations


You had 4 spell levels left.
You knew the following spells:

 Your Spells              Type           Power        Failure   Level  Hunger
a - Beastly Appendage     Tmut           #.....       10%         1    ##.....
b - Sticks to Snakes      Tmut           #.......     14%         2    ###....


Dungeon Overview and Level Annotations

Branches:
Dungeon (5/15)
 Temple: D:4-7

Altars:
Gozag
Makhleb
Ru
The Shining One

Annotations:
D:5 Dowan, Duvessa


Innate Abilities, Weirdness & Mutations

You are too large for most types of armour.
You have claws for hands.
Your metabolism is lightning-fast.
You like to eat raw meat.
Your natural rate of healing is unusually fast.
You are covered in fur. (AC +1)
You have very tough skin. (AC +2)


Message History

Duvessa hits you with a rapier!
* * * LOW HITPOINT WARNING * * *
It was a potion of might.
You feel very mighty all of a sudden. Duvessa hits you but does no damage.
Duvessa hits you with a rapier.
* * * LOW HITPOINT WARNING * * *
You are too injured to fight recklessly!
You are too injured to fight recklessly!
You are too injured to fight recklessly!
You claw Duvessa!
Duvessa is almost dead.
Duvessa hits you with a rapier!
* * * LOW HITPOINT WARNING * * *
It was a potion of haste.
You feel yourself speed up.
Your horns disappear.
Duvessa barely misses you.
You are very lightly contaminated with residual magic.
It was a potion of magic.
Magic courses through your body. Duvessa hits you with a rapier.
You die...

#.# ##. ..#. #.# #.. ##
#....##.###.# .### ##
#.#.#.#.#.#.# .#.
.###............ ..#.e
..#.#.#.#.#.# ...
.......>.... . #e#
###.#.#.#.#.#
#...##@####............
#.........#.#.#.#.#.#
#...##.......#...##.##.
##. #####.#...####.##.
# #.##.## #.##.
#.##.#####.##.
#..........##.
####.########.
#..........


You could see Duvessa and Dowan.

Vanquished Creatures
  A howler monkey (D:5)
  2 hounds
  A worker ant (D:4)
  Robin (D:4)
  4 gnolls (D:3)
  4 adders
  An ooze (D:1)
  An adder skeleton (D:5)
  2 worms
  A dart slug (D:2)
  A leopard gecko (D:2)
  4 giant cockroaches
  14 goblins
  10 hobgoblins
  6 jackals (D:5)
  4 kobolds
  3 quokkas
  4 bats
  3 frilled lizards
  A giant cockroach zombie (D:5)
  A jackal skeleton (D:4)
  4 rats
73 creatures vanquished.

Notes
Turn   | Place    | Note
-------+----------+-------------------------------------------
     0 | D:1      | sankara the Troll Transmuter began the quest for the Orb.
     0 | D:1      | Reached XP level 1. HP: 18/18 MP: 1/1
    40 | D:1      | Reached skill level 1 in Fighting
   183 | D:1      | Reached XP level 2. HP: 27/27 MP: 2/2
   578 | D:2      | Learned a level 2 spell: Sticks to Snakes
   605 | D:2      | Found a burning altar of Makhleb.
   616 | D:2      | Found a glowing golden altar of the Shining One.
   660 | D:2      | Found a sacrificial altar of Ru.
   671 | D:2      | Found an opulent altar of Gozag.
   697 | D:2      | Reached XP level 3. HP: 35/35 MP: 3/3
  1074 | D:3      | HP: 1/35 [gnoll/spear (5)]
  1147 | D:3      | Reached XP level 4. HP: 22/42 MP: 4/4
  2016 | D:4      | Reached skill level 4 in Unarmed Combat
  2016 | D:4      | Reached XP level 5. HP: 48/49 MP: 5/5
  2146 | D:4      | Noticed Robin
  2162 | D:4      | Killed Robin
  2377 | D:5      | Entered Level 5 of the Dungeon
  2436 | D:5      | Reached XP level 6. HP: 57/59 MP: 6/6
  2480 | D:5      | Noticed Dowan
  2481 | D:5      | Noticed Duvessa
  2494 | D:5      | Slain by Duvessa

Skill      XL: |  1  2  3  4  5 |
---------------+----------------+-----
Fighting       | 1 2 |  2.8
Transmutations | 2 3 |  3.0
Unarmed Combat | 4 |  4.7
Dodging        | |  1.5
Spellcasting   | |  1.2

Action                   |  1- 3 |  4- 6 || total
-------------------------+-------+-------++-------
Melee: Unarmed           |    88 |   129 ||   217
       Punch             |       |     3 ||     3
       Headbutt          |       |     2 ||     2
 Cast: Beastly Appendage |     1 |     1 ||     2
  Use: Potion            |       |     3 ||     3
 Stab: Sleeping          |     2 |       ||     2
  Eat: Chunk             |    16 |    12 ||    28
Armor: Robe              |    34 |    34 ||    68
Dodge: Dodged            |    40 |    55 ||    95
